 Dungeon Crawl Stone Soup version 0.20.1-1-g8b1a95d (webtiles) character file.

3698 equalderp2856 the Cleaver (level 9, -6/68 HPs)
             Began as a Mummy Fighter on Oct 25, 2017.
             Mangled by a wight
             ... wielding a +1 battleaxe of freezing
              (12 damage)
             ... on level 8 of the Dungeon.
             The game lasted 00:23:38 (12202 turns).

equalderp2856 the Cleaver (Mummy Fighter)          Turns: 12202, Time: 00:23:38

Health: -6/68      AC: 14    Str: 20    XL:     9   Next: 91%
Magic:  18/18      EV:  4    Int: 10    God:
Gold:   510        SH:  9    Dex: 11    Spells: 17/20 levels left

rFire    x . .     SeeInvis .   a - +1 war axe
rCold    + . .     Gourm    .   c - +0 shield
rNeg     + + +     Faith    .   A - +0 plate armour
rPois    ∞         Spirit   .   i - +0 helmet
rElec    .         Reflect  .   (no cloak)
rCorr    .         Harm     .   m - +0 pair of gloves
MR       +....                  (no boots)
Stlth    ..........             (no amulet)
Regen    0.3/turn               n - ring of loudness (curse)
MPRegen  0.2/turn               x - ring of positive energy

@: about to teleport, very slightly contaminated
A: no food or potions, fire vulnerability, cold resistance 1, negative energy
resistance 3, torment resistance, unbreathing
a: no special abilities


You were on level 8 of the Dungeon.
You were not hungry.

You visited 1 branch of the dungeon, and saw 8 of its levels.
You also visited: Ossuary.

You collected 510 gold pieces.

Inventory:

Hand Weapons
 a - a +1 war axe (weapon)
Armour
 b - a +0 scale mail
 c - a +0 shield (worn)
 i - a +0 helmet (worn)
 m - a +0 pair of gloves (worn)
 w - a +0 pair of gloves
 A - a +0 plate armour (worn)
Jewellery
 n - a cursed ring of loudness (left hand)
 q - an uncursed ring of protection from cold
 t - an uncursed ring of fire
 x - a ring of positive energy (right hand)
Wands
 g - a wand of lightning (6/15)
 l - a wand of random effects (29/48)
 o - a wand of enslavement (0/24)
 p - a wand of enslavement (6/24)
 v - a wand of iceblast (9/15)
Scrolls
 e - 5 scrolls of identify
 f - 3 scrolls of fog
 h - 2 scrolls of amnesia
 j - 3 scrolls of teleportation
 k - 4 scrolls of remove curse
 u - a scroll of recharging {unknown}
 y - a scroll of holy word {unknown}
Books
 r - a book of Cantrips

   Spells                             Type                      Level
   a - Confusing Touch                Hexes                        1
   b - Animate Skeleton               Necromancy                   1
   c - Summon Small Mammal            Summoning                    1
   d - Apportation                    Translocation                1
 s - a book of Conjurations

   Spells                             Type                      Level
   a - Magic Dart                     Conjuration                  1
   b - Searing Ray                    Conjuration                  2
   c - Dazzling Spray                 Conjuration/Hexes            3
   d - Fulminant Prism                Conjuration/Hexes            4
   e - Force Lance                    Conjuration/Translocation    4
   f - Iskenderun's Mystic Blast      Conjuration                  4
 z - a book of Misfortune

   Spells                             Type                      Level
   a - Confusing Touch                Hexes                        1
   b - Confuse                        Hexes                        3
   c - Gell's Gravitas                Translocation                3
   d - Petrify                        Transmutation/Earth          4
   e - Metabolic Englaciation         Hexes/Ice                    5
   f - Yara's Violent Unravelling     Hexes/Transmutation          5


   Skills:
 + Level 5.1 Fighting
 * Level 8.5 Axes
 + Level 5.0 Armour
 + Level 2.2 Dodging
 + Level 1.3 Stealth
 + Level 4.3 Shields
 * Level 6.0 Spellcasting
 + Level 0.2 Evocations


You had 17 spell levels left.
You knew the following spells:

 Your Spells              Type           Power        Failure   Level  Hunger
a - Magic Dart            Conj           #...         100%        1    N/A
b - Animate Skeleton      Necr           N/A          100%        1    N/A
c - Apportation           Tloc           #.....       100%        1    N/A

Dungeon Overview and Level Annotations

Branches:
Dungeon (8/15)             Temple (0/1) D:7
   Lair: D:8-11

Altars:
Ashenzari
Dithmenos
Elyvilon
Sif Muna
Trog
Yredelemnul
Zin


Innate Abilities, Weirdness & Mutations

You do not eat or drink.
Your flesh is vulnerable to fire.
You are immune to poison.
Your flesh is cold resistant. (rC+)
You are immune to negative energy. (rN+++)
You are immune to unholy pain and torment.
You can survive without breathing.


Message History

Okay, then.
Okay, then.
Blink to where?
Press: ? - help, Dir - move target cursor You are very lightly contaminated with residual magic.
As you read the scroll of blinking, it crumbles to dust.
Your surroundings suddenly seem different. 2 wights come into view.
A wight is wielding a battleaxe of freezing.
A wolf and a wight come into view.
The wolf howls!
Unknown command.
The wolf howls!
You block the wolf's attack.
As you read the scroll of teleportation, it crumbles to dust.
You feel strangely unstable. The wolf bites you!
* * * LOW HITPOINT WARNING * * *
You block the wolf's attack.
The wight hits you with a battleaxe of freezing!
You die...

# .#
###.##...
.#
#@h....#
.#
#z####...
## #z#
#.# #h#
#.# #z#
#.# ##.#


You could see 2 wolves and 3 wights.

Vanquished Creatures
  Psyche (D:8)
  Grinder (D:4)
  Sigmund (D:5)
  A centaur (D:6)
  Menkaure (D:2)
  2 black bears (D:6)
  3 sky beasts
  4 ogres
  2 bullfrogs
  A wyvern zombie (D:8)
  A scorpion (D:4)
  4 wights
  2 crimson imps
  A centaur zombie (Ossuary)
  3 orc priests
  A centaur skeleton (D:7)
  4 human zombies (Ossuary)
  A jelly (D:6)
  3 hounds
  Natasha (thrice) (D:3)
  2 iguanas
  10 orc wizards
  7 worker ants
  4 big kobold zombies (Ossuary)
  A hound zombie (Ossuary)
  3 mummies (Ossuary)
  A worker ant zombie (D:5)
  8 adders
  4 gnolls
  7 river rats (D:6)
  A white imp (D:7)
  An adder skeleton (D:7)
  7 adder zombies
  A worm (D:2)
  A dart slug (D:5)
  4 leopard geckos
  21 orcs
  5 giant cockroaches
  6 goblins
  9 hobgoblins
  6 jackals
  8 kobolds
  2 quokkas (D:3)
  4 bats
  4 frilled lizards
  A giant cockroach zombie (D:6)
  4 goblin zombies (Ossuary)
  2 hobgoblin zombies (Ossuary)
  A jackal skeleton (D:6)
  4 jackal zombies
  An orc zombie (Ossuary)
  A quokka skeleton (D:5)
  5 quokka zombies
  22 rats
  3 rat zombies
211 creatures vanquished.

Vanquished Creatures (collateral kills)
  A crimson imp (D:6)
  The ghost of ThereIsNoGod the Skirmisher, a weakling TrFi (D:3)
  3 gnolls (D:5)
5 creatures vanquished.

Vanquished Creatures (others)
  A bullfrog (D:6)
1 creature vanquished.

Grand Total: 217 creatures vanquished

Notes
Turn   | Place    | Note
-------+----------+-------------------------------------------
     0 | D:1      | equalderp2856 the Mummy Fighter began the quest for the Orb.
     0 | D:1      | Reached XP level 1. HP: 18/18 MP: 1/1
   151 | D:1      | Reached XP level 2. HP: 22/24 MP: 2/2
   843 | D:2      | Reached skill level 2 in Axes
   925 | D:2      | Reached XP level 3. HP: 12/29 MP: 3/3
  1266 | D:3      | Noticed Natasha
  1277 | D:3      | Killed Natasha
  1509 | D:3      | Reached skill level 1 in Spellcasting
  1541 | D:3      | Noticed ThereIsNoGod's ghost (weakling TrFi)
  1775 | D:3      | Noticed Natasha
  1783 | D:3      | Killed Natasha
  1783 | D:3      | Reached XP level 4. HP: 9/35 MP: 4/6
  2151 | D:3      | Noticed Natasha
  2186 | D:3      | Killed Natasha
  2608 | D:4      | Noticed Sigmund
  2613 | D:4      | Reached XP level 5. HP: 35/41 MP: 7/7
  2749 | D:4      | Reached skill level 3 in Axes
  2934 | D:4      | Reached XP level 6. HP: 16/47 MP: 9/9
  3214 | D:4      | Noticed Grinder
  3225 | D:4      | Paralysed by Grinder for 4 turns
  3246 | D:4      | Killed Grinder
  3246 | D:4      | Reached skill level 4 in Axes
  3246 | D:4      | Reached skill level 1 in Dodging
  3441 | D:4      | Noticed Menkaure
  3750 | D:3      | Killed ThereIsNoGod's ghost
  3788 | D:2      | Killed Menkaure
  3788 | D:2      | Reached XP level 7. HP: 30/52 MP: 11/11
  3954 | D:5      | Entered Level 5 of the Dungeon
  4004 | D:5      | Killed Sigmund
  4004 | D:5      | Reached skill level 5 in Axes
  5067 | D:5      | Reached XP level 8. HP: 41/59 MP: 13/13
  6778 | D:4      | Reached skill level 1 in Stealth
  7710 | D:5      | Reached skill level 6 in Axes
  7953 | D:5      | Noticed a two-headed ogre
  8662 | D:6      | Found a shadowy altar of Dithmenos.
  8804 | D:6      | Found a bloodstained altar of Trog.
  8850 | D:6      | Found a sand-covered staircase.
  8858 | Ossuary  | Entered an ossuary
  9008 | Ossuary  | Reached skill level 7 in Axes
  9327 | Ossuary  | Reached XP level 9. HP: 53/65 MP: 15/15
  9748 | D:6      | Reached skill level 5 in Spellcasting
 10801 | D:7      | Found a faded altar of an unknown god.
 10801 | D:7      | Found a deep blue altar of Sif Muna.
 10806 | D:7      | Found a faded altar of an unknown god.
 10808 | D:7      | Found a glowing silver altar of Zin.
 10813 | D:7      | Found a shattered altar of Ashenzari.
 10872 | D:7      | Learned a level 1 spell: Magic Dart
 10930 | D:7      | Learned a level 1 spell: Animate Skeleton
 10932 | D:7      | Learned a level 1 spell: Apportation
 10965 | D:7      | Found a staircase to the Ecumenical Temple.
 11484 | D:8      | Reached skill level 8 in Axes
 11526 | D:8      | Found a basalt altar of Yredelemnul.
 11792 | D:8      | Noticed Psyche
 11808 | D:8      | Killed Psyche
 11808 | D:8      | Reached skill level 5 in Fighting
 11808 | D:8      | Reached skill level 5 in Armour
 12067 | D:8      | Found a white marble altar of Elyvilon.
 12143 | D:8      | Noticed a cyan ugly thing
 12202 | D:8      | Mangled by a wight

Skill      XL: |  1  2  3  4  5  6  7  8  9 |
---------------+----------------------------+-----
Axes           | 2 3 4 5 7 8 |  8.5
Armour         | 3 4 5 |  5.0
Spellcasting   | 1 2 3 4 6 |  6.0
Dodging        | 1 2 |  2.2
Shields        | 3 4 |  4.3
Stealth        | 1 |  1.3
Fighting       | 4 5 |  5.1
Evocations     | |  0.2

Action                   |  1- 3 |  4- 6 |  7- 9 || total
-------------------------+-------+-------+-------++-------
Melee: War axe           |   108 |   149 |   684 ||   941
Evoke: Wand              |       |     3 |    12 ||    15
  Use: Scroll            |       |       |    12 ||    12
Armor: Scale mail        |    44 |    76 |   323 ||   443
       Plate armour      |       |       |    69 ||    69
Dodge: Dodged            |    35 |    55 |   224 ||   314
Block: Shield            |    66 |    94 |   373 ||   533
